 Dungeon Crawl Stone Soup version 0.27.1-1-g398f81649c (webtiles) character file.

Game seed: 5738114984950380600

1596 phibes the Ruffian (level 8, -2/79 (80) HPs)
             Began as a Troll Warper on Sept 10, 2021.
             Was a Priest of the Shining One.
             Slain by a two-headed ogre (22 damage)
             ... on level 8 of the Dungeon.
             The game lasted 01:28:06 (5901 turns).

phibes the Ruffian (Troll Warper)                   Turns: 5901, Time: 01:28:06

HP:   -2/79 (80)    AC:  5    Str: 21    XL:     8   Next: 62%
MP:   0/8           EV: 10    Int:  9    God:    the Shining One [***...]
Gold: 285           SH:  0    Dex: 10    Spells: 9/9 levels left

rFire    x . .     SeeInvis .     - Unarmed
rCold    + . .     Faith    .   (no shield)
rNeg     + . .     Spirit   +   a - +0 robe
rPois    .         Reflect  .   (helmet restricted)
rElec    .         Harm     .   y - +0 cloak
rCorr    +         Rampage  .   (gloves unavailable)
Will     .....                  (boots unavailable)
Stlth    +.........             A - amulet of guardian spirit
HPRegen  1.23/turn              w - ring of ice
MPRegen  0.11/turn              F - ring of resist corrosion

@: glowing, lightly drained
A: large, unfitting armour, claws 3, regeneration 1, shaggy fur 1, tough skin 1
a: Renounce Religion, Divine Shield


You were on level 8 of the Dungeon.
You worshipped the Shining One.
The Shining One was most pleased with you.
You visited 1 branch of the dungeon, and saw 8 of its levels.
You also visited: Sewer.

You collected 285 gold pieces.

Inventory:

Hand Weapons
 t - a +0 hand axe
 z - a +0 spear
 C - a +0 short sword of holy wrath
Missiles
 c - 5 boomerangs of dispersal (quivered)
 s - 5 boomerangs
Armour
 a - a +0 robe (worn)
 e - a +0 kite shield
 y - a +0 cloak (worn)
 H - a +0 robe
Jewellery
 w - a ring of ice (left claw)
 A - an amulet of guardian spirit (around neck)
 F - a ring of resist corrosion (right claw)
 G - a ring of ice
Wands
 j - a wand of flame (28)
Scrolls
 b - 4 scrolls of blinking
 g - 2 scrolls of holy word {unknown}
 h - 6 scrolls of identify {unknown}
 l - a scroll of noise {unknown}
 m - 4 scrolls of enchant armour {unknown}
 n - 2 scrolls of teleportation {unknown}
 q - 2 scrolls of fog {unknown}
 u - 2 scrolls of fear {unknown}
 x - 4 scrolls of vulnerability {unknown}
Potions
 d - a potion of heal wounds {unknown}
 f - 3 potions of curing {unknown}
 i - 3 potions of haste {unknown}
 k - a potion of cancellation {unknown}
 o - 3 potions of flight {unknown}
 p - 3 potions of might {unknown}
 r - a potion of resistance {unknown}
 v - a potion of invisibility {unknown}
 B - a potion of magic {unknown}
 D - a potion of degeneration {unknown}
 E - a potion of mutation {unknown}


   Skills:
 * Level 5.2 Fighting
 - Level 0.8 Throwing
 + Level 4.2 Dodging
 - Level 2.0 Stealth
 - Level 7.2 Unarmed Combat
 - Level 1.2 Spellcasting
 - Level 2.1 Translocations


You had 9 spell levels left.
You didn't know any spells.
Your spell library contained the following spells:

 Spells                   Type           Power      Damage    Failure   Level
 Apportation              Tloc           8%         N/A       14%         1
 Blink                    Tloc           N/A        N/A       22%         2
 Freeze                   Ice            0%         1d3       36%         1
 Gell's Gravitas          Tloc           2%         N/A       41%         3
 Lesser Beckoning         Tloc           2%         N/A       41%         3
 Teleport Other           Tloc           4%         N/A       41%         3
 Conjure Flame            Conj/Fire      0%         6-21      73%         3
 Frozen Ramparts          Ice            0%         1d2       73%         3
 Ignite Poison            Fire/Tmut/Pois 0%         N/A       73%         3
 Mephitic Cloud           Conj/Pois/Air  0%         N/A       73%         3
 Hailstorm                Conj/Ice       0%         3d3       98%         4
 Sticky Flame             Conj/Fire      0%         2d3       98%         4
 Manifold Assault         Tloc           4%         N/A       99%         5
 Alistair's Intoxication  Tmut/Pois      0%         N/A       100%        5
 Bolt of Magma            Conj/Fire/Erth 0%         4d4       100%        5
 Invisibility             Hex            0%         N/A       100%        6


Dungeon Overview and Level Annotations

Branches:
Dungeon (8/15)             Temple (0/1) D:5           Sewer (visited)
   Lair: D:8-11

Altars:
Elyvilon
Gozag
Hepliaklqana
Qazlal
Vehumet
Zin
The Shining One

Annotations:
D:6 3 runed translucent doors, 0gre's ghost, novice GnIE


Innate Abilities, Weirdness & Mutations

You are too large for most types of armour.
You have claws for hands.
Your natural rate of healing is unusually fast.
You are covered in fur. (AC +1)
You have tough skin. (AC +1)


Message History

You scratch the wight.
The wight is almost destroyed.
The wight hits you with a +0 dagger!
You scratch the wight.
You destroy the wight!
The Shining One accepts your kill.
You feel better.
You feel your power returning.
Things that are here:
a +0 mace; a +0 robe
Things that are here:
a +0 dagger; a +0 robe
H - a +0 robe
Things that are here:
a +0 mace; a +0 robe You see here a +0 dagger.
Things that are here:
a +0 robe; a +0 battleaxe
Things that are here:
a +0 mace; a +0 robe You see here a +0 dagger.
Press: ? - help, v - describe, . - travel
Here: a skeletal warrior, wielding a +0 short sword The floor.
There is a stone staircase leading down here.
You climb downwards.
The two-headed ogre shouts in stereo!
There is a stone staircase leading up here.
The two-headed ogre hits you with a +0 giant spiked club!!
The two-headed ogre barely misses you.
You claw the two-headed ogre!
The two-headed ogre is moderately wounded.
You claw the two-headed ogre!
The two-headed ogre is moderately wounded.
The two-headed ogre hits you with a +0 giant spiked club!!!
The two-headed ogre hits you with a +0 giant club!
* * * LOW HITPOINT WARNING * * *
You scratch the two-headed ogre but do no damage.
The two-headed ogre is moderately wounded.
The two-headed ogre hits you with a +0 giant spiked club!!
You die...

#### ##..##
#.O..#
###.@..#
#......#
#.##<...#
........####
.........
..........
...........
..........#.
......8...#..


You could see a two-headed ogre.

Vanquished Creatures
  A shadow (D:5)
  2 water moccasins
  An ice beast (D:7)
  A necrophage (D:6)
  An ogre (D:6)
  2 phantoms
  A bullfrog (D:7)
  A scorpion (D:4)
  A water moccasin skeleton (D:5)
  3 wights (D:7)
  A howler monkey (D:3)
  2 centaur skeletons
  A jelly (D:4)
  Crazy Yiuf (D:3)
  An orc priest (D:4)
  A bullfrog skeleton (D:6)
  2 iguanas
  An orc wizard (D:4)
  2 hound skeletons (D:4)
  4 gnolls (D:5)
  7 adders
  A shadow imp (D:6)
  An ufetubus (D:4)
  An adder skeleton (D:4)
  A dart slug (D:2)
  21 orcs
  10 endoplasms
  9 giant cockroaches
  5 goblins
  6 hobgoblins
  5 jackals
  8 kobolds
  6 quokkas (D:2)
  7 ball pythons
  3 bats (D:1)
  3 frilled lizards
  6 rats
130 creatures vanquished.

Vanquished Creatures (others)
  3 plants (D:6)
3 creatures vanquished.

Grand Total: 133 creatures vanquished

Notes
Turn   | Place    | Note
-------+----------+-------------------------------------------
     0 | D:1      | phibes the Troll Warper began the quest for the Orb.
     0 | D:1      | Reached XP level 1. HP: 19/19 MP: 1/1
   283 | D:1      | Found a faded altar of an unknown god.
   295 | D:1      | Became a worshipper of the Shining One
   295 | D:1      | Reached * piety under the Shining One
   442 | D:1      | Reached XP level 2. HP: 28/28 MP: 2/2
   892 | D:2      | Reached XP level 3. HP: 35/35 MP: 3/3
   952 | D:2      | Reached skill level 3 in Unarmed Combat
  1490 | D:3      | Noticed a scorpion
  1634 | D:3      | Reached XP level 4. HP: 41/42 MP: 4/4
  1665 | D:3      | Reached skill level 4 in Unarmed Combat
  1740 | D:3      | Reached ** piety under the Shining One
  1822 | D:3      | Found a runed translucent door.
  1823 | D:3      | Noticed Crazy Yiuf
  2373 | D:4      | Reached XP level 5. HP: 49/49 MP: 5/5
  2584 | D:4      | Reached skill level 5 in Unarmed Combat
  2720 | D:4      | Reached XP level 6. HP: 41/59 MP: 6/6
  2914 | D:4      | Found a glowing drain.
  2941 | D:4      | Reached skill level 6 in Unarmed Combat
  2965 | Sewer    | Entered a sewer
  3020 | Sewer    | Noticed a water moccasin
  3027 | Sewer    | Killed a water moccasin
  3028 | Sewer    | Reached XP level 7. HP: 56/66 MP: 7/7
  3468 | D:4      | Found a hazy altar of Hepliaklqana.
  3508 | D:5      | Entered Level 5 of the Dungeon
  3517 | D:5      | Noticed a shadow
  3530 | D:5      | Killed a shadow
  3531 | D:5      | Reached skill level 7 in Unarmed Combat
  4139 | D:5      | Found a staircase to the Ecumenical Temple.
  4218 | D:5      | Reached skill level 1 in Stealth
  4500 | D:3      | Killed Crazy Yiuf
  4706 | D:6      | Reached XP level 8. HP: 74/78 MP: 6/8
  4710 | D:6      | Found a white marble altar of Elyvilon.
  4782 | D:6      | Reached *** piety under the Shining One
  4838 | D:6      | Found a radiant altar of Vehumet.
  5015 | D:6      | Found a glowing silver altar of Zin.
  5099 | D:6      | Found a stormy altar of Qazlal.
  5103 | D:6      | Found a runed translucent gate.
  5103 | D:6      | Found a runed translucent gate.
  5106 | D:6      | Found an opulent altar of Gozag.
  5107 | D:6      | Noticed a troll
  5107 | D:6      | Noticed 0gre's ghost (novice GnIE)
  5108 | D:6      | Found a runed translucent gate.
  5681 | D:7      | Reached skill level 5 in Fighting
  5692 | D:7      | Noticed a skeletal warrior
  5692 | D:7      | Noticed a skeletal warrior
  5693 | D:7      | Noticed a skeletal warrior
  5693 | D:7      | Noticed a skeletal warrior
  5712 | D:7      | The Shining One protects you from harm!
  5896 | D:8      | Noticed a two-headed ogre
  5901 | D:8      | Slain by a two-headed ogre

Illustrated notes

Levels and vault maps discovered:
D:1:      lemuel_arrival_cross, layout_basic,
          dreamdust_ecumenical_altar_statues, chequers_serial_rivers_micro_a
D:2:      layout_rooms
D:3:      layout_basic, skrybe_limestone_x, uniq_crazy_yiuf_cottage
D:4:      layout_basic, mainiacjoe_overflow_chevrons, gup_sewer_entry_glass
D:5:      layout_loops_corners, minmay_temple_entry_poolview
D:6:      layout_basic, nicolae_elyvilon_temple_path,
          mainiacjoe_overflow_surrounded_room, nicolae_qazlal_general_emergency,
          mainiacjoe_overflow_catwalk, ebering_ghost_gozag
D:7:      layout_basic, mainiacjoe_overflow_24_doors, kennysheep_doodads
D:8:      layout_cave_pools, grunt_gozag_breadcrumbs, fedhas_altar_1,
          serial_column_ruins, column_ruins_circle_medium,
          column_ruins_open_medium, column_ruins_columns_corner,
          column_ruins_corridor_corner, column_ruins_grid_4,
          column_ruins_open_small, column_ruins_grid_1, lightli_corner_chamber,
          uniq_gastronok, uniq_pikel

Skill      XL: |  1  2  3  4  5  6  7  8 |
---------------+-------------------------+-----
Dodging        | 2 3 4 |  4.2
Fighting       | 2 3 5 |  5.2
Unarmed Combat | 3 4 5 6 7 |  7.2
Stealth        | 1 2 |  2.0
Throwing       | |  0.8
Spellcasting   | |  1.2
Translocations | |  2.1

Action                   |  1- 3 |  4- 6 |  7- 9 || total
-------------------------+-------+-------+-------++-------
Melee: Unarmed           |    85 |    78 |   135 ||   298
       Punch             |       |       |     3 ||     3
Armor: Robe              |    20 |    11 |    22 ||    53
Dodge: Dodged            |    29 |    26 |    41 ||    96
